[Event "Kragero Resort Title 2024"]
[Site "Kragero"]
[Date "2024.02.23"]
[Round "6.29"]
[White "Lilliehook, Victor"]
[Black "Hjort, Jens L"]
[Result "1-0"]
[ECO "B27"]
[WhiteElo "2042"]
[BlackElo "2111"]
[Annotator "NA RC"]
[PlyCount "95"]
[EventDate "2024.02.21"]
[EventType "swiss"]
[EventCountry "NOR"]
[SourceTitle "playchess.com"]
[Source "ChessBase"]
[SourceQuality "1"]
[TimeControl "5400+30"]

1. e4 c5 2. Nf3 Qc7 3. d3 Nc6 4. g3 g6 5. Bg2 Bg7 6. c3 d6 7. h3 Rb8 8. O-O b5 9. d4 e5 10. dxc5 dxc5 11. Be3 Nd8 12. a4 a6 13. axb5 axb5 14. Nbd2 Ne6 15. Qc2 Nf6 16. Ng5 Nf4 17. gxf4 exf4 18. e5 Nh5 19. Nde4 Bf5 20. Bxc5 Bxe5 21. Ra7 Rb7 22. Rxb7 Qxb7 23. Qe2 f3 24. Nd6+ Kd7 25. Qxe5 f6 26. Nxb7 fxe5 27. Nxf3 e4 28. Nd4 Nf4 29. Nxf5 gxf5 30. Be3 Nd5 31. Rd1 Kc6 32. Na5+ Kd6 33. Nb3 Rg8 34. Kh2 Ke5 35. Bd4+ Ke6 36. Nc5+ Kd6 37. f3 e3 38. Bxe3 Kc6 39. Bd4 Nf4 40. Rd2 h5 41. Be3 Nd5 42. f4 Rxg2+ 43. Rxg2 Nxe3 44. Nd3 Kd5 45. Rf2 h4 46. Ne1 Ke4 47. Re2 Kxf4 48. Ng2+ 1-0

[Event "Kragero Resort Title 2024"]
[Site "Kragero"]
[Date "2024.02.23"]
[Round "6.30"]
[White "Ramirez Ruacho, Juan Manuel"]
[Black "Tashkinova, Sofiia"]
[Result "1-0"]
[ECO "E15"]
[WhiteElo "2117"]
[BlackElo "2016"]
[Annotator "NA RC"]
[PlyCount "95"]
[EventDate "2024.02.21"]
[EventType "swiss"]
[EventCountry "NOR"]
[SourceTitle "playchess.com"]
[Source "ChessBase"]
[SourceQuality "1"]
[TimeControl "5400+30"]

1. d4 Nf6 2. c4 e6 3. Nf3 b6 4. g3 Ba6 5. Qc2 Be7 6. Bg2 Bb7 7. Nc3 d6 $16 ({Black should play} 7... d5 $14) 8. e4 Nbd7 9. O-O e5 10. b3 O-O 11. Bb2 Re8 12. Nd5 Nxd5 13. cxd5 f5 14. exf5 e4 15. Nd2 Bxd5 16. Nxe4 Bf7 17. f6 Bxf6 18. Nxf6+ Nxf6 19. Bxa8 Qxa8 20. d5 Qxd5 21. Bxf6 Qf3 22. Qc3 Qxf6 23. Qxc7 Bd5 24. Rae1 Rf8 25. Re3 Ba8 26. Qc3 Qg5 27. Qd4 Qh6 28. Re7 Bf3 29. Rfe1 Qg6 30. Qe3 d5 31. Re8 Rxe8 32. Qxe8+ Qxe8 33. Rxe8+ Kf7 34. Re3 Be4 35. Kf1 Bb1 36. a3 d4 37. Rf3+ Ke6 38. Ke1 Be4 39. Rf8 Bd5 40. Kd2 Bxb3 41. Ra8 Bc4 42. Rxa7 Kf6 43. a4 h5 44. Rb7 g5 45. Rxb6+ Kf5 46. Rb4 Bf1 47. Rxd4 Ba6 48. h4 1-0

[Event "Kragero Resort Title 2024"]
[Site "Kragero"]
[Date "2024.02.23"]
[Round "6.31"]
[White "Valvag, Torbjorn"]
[Black "Austad, Eirik Strom"]
[Result "0-1"]
[ECO "A34"]
[WhiteElo "1951"]
[BlackElo "2095"]
[Annotator "RC"]
[PlyCount "28"]
[EventDate "2024.02.21"]
[EventType "swiss"]
[EventCountry "NOR"]
[SourceTitle "playchess.com"]
[Source "ChessBase"]
[SourceQuality "1"]
[TimeControl "5400+30"]

1. e4 c5 2. Nf3 b6 3. c4 Bb7 4. Nc3 e6 5. d4 cxd4 6. Nxd4 a6 7. Be2 Qc7 8. O-O Nf6 9. f3 Bd6 10. g3 h5 11. Be3 Bxg3 12. hxg3 Qxg3+ 13. Kh1 Ng4 14. Bf4 Qxf4 0-1

[Event "Kragero Resort Title 2024"]
[Site "Kragero"]
[Date "2024.02.23"]
[Round "6.32"]
[White "Ji, Jiahao Eric"]
[Black "Hoiberg, Nina"]
[Result "1-0"]
[ECO "C44"]
[WhiteElo "1971"]
[BlackElo "2133"]
[Annotator "RC"]
[PlyCount "125"]
[EventDate "2024.02.21"]
[EventType "swiss"]
[EventCountry "NOR"]
[SourceTitle "playchess.com"]
[Source "ChessBase"]
[SourceQuality "1"]
[TimeControl "5400+30"]

1. e4 e5 2. Nf3 Nc6 3. c3 d6 4. d4 Be7 5. h3 Nf6 6. Be3 exd4 7. cxd4 d5 8. e5 Ne4 9. Bb5 Bd7 10. Bd3 Nb4 11. Be2 a5 12. Nc3 c6 13. a3 Nxc3 14. bxc3 Na6 15. O-O b5 16. Nd2 a4 17. f4 g6 18. Bd3 Nc7 19. g4 h5 20. f5 Bg5 21. Qe2 Bxe3+ 22. Qxe3 Qh4 23. e6 fxe6 24. fxe6 Nxe6 25. Bxg6+ Kd8 26. Qe5 hxg4 27. Qf6+ Kc7 28. Qxh4 Rxh4 29. Rf7 Rf8 30. Raf1 Rxf7 31. Rxf7 Rxh3 32. Bf5 Kd6 33. Kf2 g3+ 34. Kg1 Rh8 35. Nf3 Rf8 36. Bxe6 Rxf7 37. Bxf7 c5 38. Kg2 cxd4 39. Nxd4 Kc5 40. Nf3 Kc4 41. Ne5+ Kxc3 42. Nxd7 d4 43. Kxg3 d3 44. Nc5 Kd4 45. Na6 d2 46. Bh5 Kc3 47. Kf2 Kc2 48. Ke3 Kb2 49. Kxd2 Kxa3 50. Kc2 b4 51. Be8 b3+ 52. Kb1 b2 53. Nc5 Kb4 54. Nxa4 Kb3 55. Nxb2 Ka3 56. Kc2 Kb4 57. Kd3 Kb3 58. Nc4 Kb4 59. Bh5 Kb3 60. Bd1+ Ka2 61. Kc3 Kb1 62. Bb3 Ka1 63. Ne3 1-0

[Event "Kragero Resort Title 2024"]
[Site "Kragero"]
[Date "2024.02.23"]
[Round "6.33"]
[White "Vingris, Mikelis"]
[Black "Tollefsen, Jacob"]
[Result "1-0"]
[ECO "B12"]
[WhiteElo "2256"]
[BlackElo "1909"]
[Annotator "RC"]
[PlyCount "49"]
[EventDate "2024.02.21"]
[EventType "swiss"]
[EventCountry "NOR"]
[SourceTitle "playchess.com"]
[Source "ChessBase"]
[SourceQuality "1"]
[TimeControl "5400+30"]

1. e4 c6 2. d4 d5 3. e5 c5 4. Nf3 cxd4 5. Qxd4 e6 6. Bd3 Nh6 7. Nc3 Nc6 8. Qf4 Nb4 9. h4 Nxd3+ 10. cxd3 Be7 11. g4 Bd7 12. Qg3 Ng8 13. h5 Qb6 14. O-O O-O-O 15. Be3 Qa6 16. a4 Kb8 17. Nd4 Bc5 18. Nxe6 Qxe6 19. Bxc5 Nh6 20. Bd6+ Ka8 21. Nb5 Bxb5 22. axb5 b6 23. Ra4 g6 24. Rfa1 Rd7 25. Qe3 1-0

[Event "Kragero Resort Title 2024"]
[Site "Kragero"]
[Date "2024.02.23"]
[Round "6.34"]
[White "Westrum, Kim Roger Hansen"]
[Black "Hammari, Vinjar"]
[Result "1/2-1/2"]
[ECO "A17"]
[WhiteElo "2226"]
[BlackElo "1875"]
[Annotator "RC"]
[PlyCount "114"]
[EventDate "2024.02.21"]
[EventType "swiss"]
[EventCountry "NOR"]
[SourceTitle "playchess.com"]
[Source "ChessBase"]
[SourceQuality "1"]
[TimeControl "5400+30"]

1. c4 e6 2. Nc3 d5 3. e3 Nf6 4. Nf3 Be7 5. b3 dxc4 6. Bxc4 O-O 7. Bb2 a6 8. d4 c5 9. O-O Nc6 10. dxc5 Bxc5 11. Qe2 Qe7 12. Rac1 Ba3 13. Bxa3 Qxa3 14. Bd3 e5 15. Ne4 Qe7 16. Nxf6+ Qxf6 17. Be4 Bf5 18. Bxc6 bxc6 19. Rc5 Bg4 20. h3 Bxf3 21. Qxf3 Qxf3 22. gxf3 f6 23. Rd1 Ra7 24. Rxc6 a5 25. a4 Rb8 26. Rd3 Rab7 27. Ra6 Rxb3 28. Rxb3 Rxb3 29. Rxa5 Ra3 30. Ra7 Ra1+ 31. Kg2 h5 32. h4 Kh7 33. a5 Kg6 34. e4 Ra3 35. a6 Kh7 36. Ra8 Kg6 37. Ra7 Kh7 38. Kg3 Kg6 39. Ra8 Kh7 40. a7 Kg6 41. Kg2 Kh7 42. Kf1 Ra1+ 43. Kg2 Ra3 44. Kf1 Ra1+ 45. Ke2 Kg6 46. Kd3 Ra3+ 47. Kc4 Ra1 48. Kc5 Rc1+ 49. Kd6 Ra1 50. Ke7 Ra2 51. Kf8 Ra1 52. Ke8 Ra2 53. Kd8 Ra1 54. Kc7 Rc1+ 55. Kb6 Rb1+ 56. Ka6 Ra1+ 57. Kb7 Rb1+ 1/2-1/2

[Event "Kragero Resort Title 2024"]
[Site "Kragero"]
[Date "2024.02.23"]
[Round "6.35"]
[White "Platonovs, Nikolajs"]
[Black "Fiskaaen, Martin Holten"]
[Result "1/2-1/2"]
[ECO "B67"]
[WhiteElo "1995"]
[BlackElo "2154"]
[Annotator "ChessBase"]
[PlyCount "130"]
[EventDate "2024.02.21"]
[EventType "swiss"]
[EventCountry "NOR"]
[SourceTitle "playchess.com"]
[Source "ChessBase"]
[SourceQuality "1"]
[TimeControl "5400+30"]

1. e4 c5 2. Nf3 d6 3. d4 cxd4 4. Nxd4 Nf6 5. Nc3 Nc6 6. Bg5 e6 7. Qd2 a6 8. O-O-O Bd7 9. Kb1 Nxd4 10. Qxd4 Be7 11. f4 Bc6 12. Be2 h6 13. Bh4 b5 14. Bf3 Rc8 15. Bxf6 Bxf6 16. Qxd6 Qxd6 17. Rxd6 Be7 18. Rdd1 g5 19. g3 h5 20. Ne2 Bb7 21. Nd4 g4 22. Bg2 h4 23. gxh4 Rxh4 24. f5 Rd8 25. fxe6 fxe6 26. Rd3 Rh6 27. Ne2 e5 28. Ng3 Rhd6 29. Rhd1 Rxd3 30. cxd3 Bg5 31. Bf1 Bf4 32. Be2 Bc8 33. Nf5 Bxf5 34. exf5 Bxh2 35. Bxg4 Ke7 36. Bf3 Bf4 37. Be4 Be3 38. Re1 Bd4 39. Rc1 Rh8 40. Rc7+ Kd8 41. Rc2 Rh6 42. a3 Kd7 43. Ka2 Rf6 44. Bb7 Rb6 45. Bc8+ Kd6 46. Kb3 a5 47. Rc1 Rc6 48. Rxc6+ Kxc6 49. f6 Kd6 50. f7 Ke7 51. Be6 Bc5 52. Bd5 Kd7 53. Kc2 Kc7 54. Kd1 Bd6 55. Ke2 Kb6 56. Kf3 Kc7 57. Ke4 Kd7 58. Kf5 Ke7 59. Kg6 Kf8 60. Bc6 b4 61. a4 b3 62. Bd5 Bc5 63. Kf6 Bd4 64. Ke6 Bxb2 65. Bxb3 Bc3 1/2-1/2

[Event "Kragero Resort Title 2024"]
[Site "Kragero"]
[Date "2024.02.23"]
[Round "6.36"]
[White "Verbin, Valentina"]
[Black "Berget, Eirik"]
[Result "1-0"]
[ECO "C08"]
[WhiteElo "2063"]
[BlackElo "1960"]
[Annotator "NA RC"]
[PlyCount "69"]
[EventDate "2024.02.21"]
[EventType "swiss"]
[EventCountry "NOR"]
[SourceTitle "playchess.com"]
[Source "ChessBase"]
[SourceQuality "1"]
[TimeControl "5400+30"]

1. e4 e6 2. d4 d5 3. Nd2 c5 4. exd5 exd5 5. Ngf3 Nf6 6. Bb5+ Nc6 7. O-O Be7 8. dxc5 Bxc5 9. Re1+ Be6 10. Nb3 Bb6 $14 11. Nbd4 O-O 12. Bxc6 bxc6 13. Nxc6 Qc7 14. Ncd4 Ne4 15. Be3 Rac8 16. c3 Rfe8 17. a4 Bg4 18. Qb3 Qd7 19. Qb5 Qd6 20. h3 Bd7 21. Qe2 Qg6 22. Kh1 Bc7 23. Nd2 f5 24. Nxe4 fxe4 25. Nb5 Be5 26. Nxa7 Rcd8 27. Nb5 Rf8 28. Bd4 Bb8 29. c4 Bxh3 30. gxh3 Rf3 31. Ra3 Rdf8 32. Rg1 Rxa3 33. bxa3 Qf5 34. Rxg7+ Kh8 35. Rf7+ 1-0

[Event "Kragero Resort Title 2024"]
[Site "Kragero"]
[Date "2024.02.23"]
[Round "6.37"]
[White "Vasilijevic, Vili"]
[Black "Bazilius, Augustinas"]
[Result "1/2-1/2"]
[ECO "D70"]
[WhiteElo "1881"]
[BlackElo "2030"]
[Annotator "NA RC"]
[PlyCount "36"]
[EventDate "2024.02.21"]
[EventType "swiss"]
[EventCountry "NOR"]
[SourceTitle "playchess.com"]
[Source "ChessBase"]
[SourceQuality "1"]
[TimeControl "5400+30"]

1. d4 Nf6 2. c4 g6 3. f3 d5 4. cxd5 Nxd5 5. e4 Nb6 6. Nc3 Bg7 7. Be3 O-O 8. Qd2 Nc6 9. O-O-O Na5 $14 10. Bf4 Nac4 11. Bxc4 Nxc4 12. Qd3 Nb6 13. Nge2 c6 14. g4 Nd7 15. h4 Qa5 16. Qc2 e5 17. Be3 b5 18. Kb1 b4 1/2-1/2

[Event "Kragero Resort Title 2024"]
[Site "Kragero"]
[Date "2024.02.23"]
[Round "6.38"]
[White "Persson, Sebastian"]
[Black "Elsness, Fredrik Valstad"]
[Result "1-0"]
[ECO "A15"]
[WhiteElo "2024"]
[BlackElo "1783"]
[Annotator "NA RC"]
[PlyCount "51"]
[EventDate "2024.02.21"]
[EventType "swiss"]
[EventCountry "NOR"]
[SourceTitle "playchess.com"]
[Source "ChessBase"]
[SourceQuality "1"]
[TimeControl "5400+30"]

1. c4 c5 2. Nf3 Nf6 3. g3 g6 4. Bg2 Bg7 5. O-O O-O 6. e3 d5 7. cxd5 Nxd5 8. Nc3 Nb4 9. d4 Bf5 10. a3 N4c6 11. d5 Ne5 12. Nxe5 Bxe5 13. e4 Bd7 14. Be3 Na6 15. f4 Bxc3 16. bxc3 Bb5 17. Rf2 Qa5 18. Qc1 c4 19. Bd4 f6 20. h4 b6 21. f5 gxf5 22. Rxf5 Nc5 23. Qh6 Rf7 24. Raf1 Raf8 25. Rg5+ Kh8 26. Rxf6 1-0

[Event "Kragero Resort Title 2024"]
[Site "Kragero"]
[Date "2024.02.23"]
[Round "6.39"]
[White "Roubert, Emile"]
[Black "Gasland, Lukas Dominik"]
[Result "0-1"]
[ECO "B74"]
[WhiteElo "1989"]
[BlackElo "1866"]
[Annotator "NA RC"]
[PlyCount "64"]
[EventDate "2024.02.21"]
[EventType "swiss"]
[EventCountry "NOR"]
[SourceTitle "playchess.com"]
[Source "ChessBase"]
[SourceQuality "1"]
[TimeControl "5400+30"]

1. e4 c5 2. Nf3 d6 3. d4 cxd4 4. Nxd4 Nf6 5. Nc3 a6 6. Be2 g6 7. O-O Bg7 8. a4 O-O 9. Be3 Nc6 10. Nb3 Be6 11. f4 Rc8 12. Nd2 Na5 13. Bf3 Nd7 14. Ra3 b5 15. axb5 axb5 16. Nxb5 Bxb2 17. Ra4 Nc4 18. Nxc4 Bxc4 19. Be2 Bxe2 20. Qxe2 Nc5 21. Rb4 Bg7 22. Bf2 Qa5 23. Rbb1 Qa8 24. Rfe1 Ne6 25. g3 Qa4 26. c3 Bxc3 27. Nxc3 Rxc3 28. Rb7 Re8 29. Ra7 Qb4 30. h4 Nd4 31. Bxd4 Qxd4+ 32. Qf2 Rxg3+ 0-1

[Event "Kragero Resort Title 2024"]
[Site "Kragero"]
[Date "2024.02.23"]
[Round "6.40"]
[White "Solbu, Lasse Tveter"]
[Black "Skramstad, Oda Kofoed"]
[Result "0-1"]
[ECO "C28"]
[WhiteElo "1896"]
[BlackElo "1780"]
[Annotator "NA"]
[PlyCount "60"]
[EventDate "2024.02.21"]
[EventType "swiss"]
[EventCountry "NOR"]
[SourceTitle "playchess.com"]
[Source "ChessBase"]
[SourceQuality "1"]
[TimeControl "5400+30"]

1. e4 e5 2. Bc4 Nc6 3. Nc3 Nf6 4. d3 Na5 5. Bb3 Nxb3 6. axb3 Bc5 7. Nf3 d6 8. Qe2 O-O 9. h3 c6 10. Be3 Nd7 11. g4 Re8 12. O-O-O a5 13. d4 Bb4 14. dxe5 dxe5 15. Qd3 Qe7 16. Nd2 b5 17. f3 a4 18. Ndb1 Nf8 19. Na2 axb3 20. Nxb4 Qxb4 21. Qxb3 Qe7 22. Qc3 Ra6 23. Bc5 Qf6 24. Rd3 Ne6 25. Qb4 Ra4 26. Qc3 Rc4 27. g5 Qxg5+ 28. Be3 Rxc3 29. Bxg5 Rxd3 30. cxd3 Nxg5 0-1

[Event "Kragero Resort Title 2024"]
[Site "Kragero"]
[Date "2024.02.23"]
[Round "6.41"]
[White "Pedersen, Max Moe"]
[Black "Abramov, Artem"]
[Result "1-0"]
[ECO "D12"]
[WhiteElo "2027"]
[BlackElo "1931"]
[Annotator "NA RC"]
[PlyCount "69"]
[EventDate "2024.02.21"]
[EventType "swiss"]
[EventCountry "NOR"]
[SourceTitle "playchess.com"]
[Source "ChessBase"]
[SourceQuality "1"]
[TimeControl "5400+30"]

1. d4 d5 2. c4 c6 3. Nf3 Nf6 4. e3 Bf5 5. Nc3 e6 6. Nh4 Bg6 7. Nxg6 hxg6 8. Bd2 Nbd7 9. Rc1 Rc8 10. Be2 Qc7 11. g3 $14 dxc4 12. Bxc4 Nb6 13. Be2 Nbd5 14. Qc2 Nxc3 15. Bxc3 Bd6 16. Bd2 Nh5 17. g4 Nf6 18. h4 g5 19. h5 Nd5 20. a3 Qe7 21. Qe4 e5 22. Qxd5 cxd5 23. Rxc8+ Kd7 24. Rxh8 exd4 25. h6 gxh6 26. R1xh6 dxe3 27. Bxe3 Qe4 28. Kf1 d4 29. Rxd6+ Kxd6 30. Bxd4 Kc7 31. Bc3 b6 32. Rh3 a5 33. Bf3 Qc4+ 34. Kg2 Kd7 35. Rh6 1-0

[Event "Kragero Resort Title 2024"]
[Site "Kragero"]
[Date "2024.02.24"]
[Round "7.25"]
[White "Ostensen, Nicolai Maxime"]
[Black "Ji, Jiahao Eric"]
[Result "1-0"]
[ECO "E01"]
[WhiteElo "2228"]
[BlackElo "1971"]
[Annotator "RC"]
[PlyCount "113"]
[EventDate "2024.02.21"]
[EventType "swiss"]
[EventCountry "NOR"]
[SourceTitle "playchess.com"]
[Source "ChessBase"]
[SourceQuality "1"]
[TimeControl "5400+30"]

1. Nf3 Nf6 2. g3 d5 3. Bg2 c6 4. c4 e6 5. O-O Nbd7 6. d4 Bd6 7. Qc2 O-O 8. Nbd2 Re8 9. b3 e5 10. dxe5 Nxe5 11. Bb2 Bd7 12. Rfe1 Qa5 13. Bc3 Qb6 14. Qb2 Nfg4 15. Bd4 Bc5 16. h3 Nxf3+ 17. Nxf3 Nxf2 18. Kxf2 dxc4 19. Bxc5 Qxc5+ 20. Qd4 Qxd4+ 21. Nxd4 c5 22. Nf3 cxb3 23. axb3 a6 24. Nd2 Rab8 25. Rec1 Re5 26. Nc4 Re6 27. Rd1 Bb5 28. Rac1 Rbe8 29. Bf3 g6 30. Nd6 Bxe2 31. Nxe8 Bxd1 32. Nc7 Bxb3 33. Nxe6 Bxe6 34. Bxb7 Bxh3 35. Bxa6 h5 36. Rxc5 Kg7 37. Rc7 g5 38. Bc4 h4 39. Bxf7 Kf6 40. Bb3 hxg3+ 41. Kxg3 Bf5 42. Rc6+ Kg7 43. Rc5 Kf6 44. Bc2 Bd7 45. Bd1 Bf5 46. Bg4 Be4 47. Kf2 Bb1 48. Ke3 Bh7 49. Kd4 Bb1 50. Rc6+ Kg7 51. Ke5 Bd3 52. Bf5 Bb5 53. Rc7+ Kf8 54. Kf6 g4 55. Rc8+ Be8 56. Bg6 g3 57. Rxe8# 1-0

[Event "Kragero Resort Title 2024"]
[Site "Kragero"]
[Date "2024.02.24"]
[Round "7.27"]
[White "Kanyamarala, Tarun"]
[Black "Verbin, Valentina"]
[Result "1-0"]
[ECO "E52"]
[WhiteElo "2286"]
[BlackElo "2063"]
[Annotator "RC"]
[PlyCount "49"]
[EventDate "2024.02.21"]
[EventType "swiss"]
[EventCountry "NOR"]
[SourceTitle "playchess.com"]
[Source "ChessBase"]
[SourceQuality "1"]
[TimeControl "5400+30"]

1. d4 Nf6 2. c4 e6 3. Nc3 Bb4 4. Nf3 b6 5. e3 Bb7 6. Bd3 O-O 7. O-O d5 8. cxd5 exd5 9. Ne5 Bd6 10. f4 c5 11. g4 Ne4 12. Qf3 Nxc3 13. bxc3 Qh4 14. Bd2 Bxe5 15. fxe5 Ba6 16. Be1 Qh6 17. Rd1 Bxd3 18. Rxd3 c4 19. Rd2 Nc6 20. Qxd5 Qxe3+ 21. Rdf2 Rac8 22. Bd2 Ne7 23. Qd7 Qe4 24. Qxe7 Qxg4+ 25. Rg2 1-0

[Event "Kragero Resort Title 2024"]
[Site "Kragero"]
[Date "2024.02.24"]
[Round "7.28"]
[White "Ter-Avetisjana, Agnesa Stepania"]
[Black "Vingris, Mikelis"]
[Result "1-0"]
[ECO "E61"]
[WhiteElo "2047"]
[BlackElo "2256"]
[Annotator "RC"]
[PlyCount "119"]
[EventDate "2024.02.21"]
[EventType "swiss"]
[EventCountry "NOR"]
[SourceTitle "playchess.com"]
[Source "ChessBase"]
[SourceQuality "1"]
[TimeControl "5400+30"]

1. d4 Nf6 2. Nf3 g6 3. c4 Bg7 4. Nc3 d6 5. e3 O-O 6. Be2 Nbd7 7. O-O e5 8. d5 a5 9. b3 Nc5 10. Bb2 Bd7 11. a3 a4 12. b4 Nb3 13. Ra2 Qe7 14. Nd2 Nxd2 15. Qxd2 Ne8 16. f3 f5 17. Bd1 Qh4 18. g3 Qh6 19. Bc1 Nf6 20. e4 Qxd2 21. Bxd2 fxe4 22. Nxe4 b5 23. Be2 bxc4 24. Bxc4 Rab8 25. Bg5 Nxe4 26. fxe4 Rxf1+ 27. Kxf1 h6 28. Be3 g5 29. Rc2 Bf6 30. Ba6 Rf8 31. Ke1 Bd8 32. Be2 Be8 33. b5 Kg7 34. Rb2 Bf7 35. Kd1 Be7 36. Rc2 Rb8 37. Rxc7 Bd8 38. Rd7 Kf8 39. Ba7 Be8 40. Rxd8 Rxd8 41. b6 Rd7 42. Ba6 Bg6 43. b7 Rxb7 44. Bxb7 Bxe4 45. Bc6 Ke7 46. Bb8 h5 47. Kd2 h4 48. Kc3 Bf3 49. Kb4 e4 50. Ba7 hxg3 51. hxg3 Kf6 52. Bd4+ Kf5 53. Bd7+ Kg6 54. Be6 Bd1 55. Kb5 Kh5 56. Kc6 Bg4 57. Kxd6 Be2 58. Ke5 Bc4 59. d6 Bb5 60. d7 1-0

[Event "Kragero Resort Title 2024"]
[Site "Kragero"]
[Date "2024.02.24"]
[Round "7.29"]
[White "Christensen, Jan Schleicher"]
[Black "Amundsen, Ask"]
[Result "0-1"]
[ECO "A43"]
[WhiteElo "2182"]
[BlackElo "2026"]
[Annotator "RC"]
[PlyCount "64"]
[EventDate "2024.02.21"]
[EventType "swiss"]
[EventCountry "NOR"]
[SourceTitle "playchess.com"]
[Source "ChessBase"]
[SourceQuality "1"]
[TimeControl "5400+30"]

1. d4 Nf6 2. Nf3 c5 3. d5 b5 4. e4 Nxe4 5. Bd3 Nd6 6. Bf4 c4 7. Be2 e6 8. O-O Be7 9. Nc3 a6 10. a4 b4 11. Bxd6 Bxd6 12. Ne4 Be7 13. Bxc4 O-O 14. Re1 d6 15. Qd2 e5 16. Qxb4 f5 17. Ned2 Kh8 18. Bf1 a5 19. Qc3 g5 20. Nc4 Nd7 21. Rad1 g4 22. Nfd2 Nc5 23. Nxe5 dxe5 24. d6 Qxd6 25. Qxe5+ Qxe5 26. Rxe5 Be6 27. Nb3 Bxb3 28. cxb3 Ra7 29. Bc4 Rc7 30. Rdd5 Nxa4 31. Rxe7 Rxe7 32. bxa4 Rc8 0-1

[Event "Kragero Resort Title 2024"]
[Site "Kragero"]
[Date "2024.02.24"]
[Round "7.30"]
[White "Hestholm, Gustav"]
[Black "Poysti, Nathanael"]
[Result "1/2-1/2"]
[ECO "B12"]
[WhiteElo "1942"]
[BlackElo "2182"]
[Annotator "RC"]
[PlyCount "127"]
[EventDate "2024.02.21"]
[EventType "swiss"]
[EventCountry "NOR"]
[SourceTitle "playchess.com"]
[Source "ChessBase"]
[SourceQuality "1"]
[TimeControl "5400+30"]

1. e4 c6 2. d4 d5 3. e5 Bf5 4. h4 h5 5. Bd3 Bxd3 6. Qxd3 Qa5+ 7. Nd2 e6 8. Ngf3 Nh6 9. O-O Nf5 10. Nb3 Qb5 11. Qd1 Be7 12. g3 Nd7 13. a4 Qb6 14. Bg5 Bxg5 15. Nxg5 Rc8 16. Rb1 g6 17. c3 c5 18. Nf3 O-O 19. Re1 Qa6 20. Ra1 Kg7 21. Qd2 Qb6 22. Ra3 a6 23. Rc1 Rc7 24. dxc5 Nxc5 25. Nbd4 Nxd4 26. Nxd4 Ne4 27. Qc2 Rfc8 28. Rd1 Rc4 29. Qb3 Qc7 30. Nf3 Qe7 31. Qb6 R8c7 32. Rd4 R4c6 33. Qb4 Qd7 34. Rb3 Rc4 35. Qa5 R7c5 36. Qb6 Rc7 37. Rb4 R4c6 38. Qa5 Rc5 39. Qb6 Qc8 40. Nd2 R5c6 41. Qa5 Nxd2 42. Rxd2 Qb8 43. Rb6 Rxb6 44. Qxb6 Rc4 45. Rd4 Rc6 46. Qb4 b6 47. f4 Qc7 48. Kf2 Rc5 49. Qb3 Qc6 50. Rb4 Rc4 51. Rxc4 dxc4 52. Qb4 b5 53. axb5 axb5 54. b3 Qd5 55. bxc4 Qd2+ 56. Kf3 Qd3+ 57. Kf2 bxc4 58. Qb2 Kf8 59. Qc1 Kg7 60. Qe3 Qc2+ 61. Kf3 Qd1+ 62. Kf2 Qh1 63. Qd4 Qh2+ 64. Kf3 1/2-1/2

[Event "Kragero Resort Title 2024"]
[Site "Kragero"]
[Date "2024.02.24"]
[Round "7.32"]
[White "Gasland, Lukas Dominik"]
[Black "Westrum, Kim Roger Hansen"]
[Result "1/2-1/2"]
[ECO "A37"]
[WhiteElo "1866"]
[BlackElo "2226"]
[Annotator "RC"]
[PlyCount "43"]
[EventDate "2024.02.21"]
[EventType "swiss"]
[EventCountry "NOR"]
[SourceTitle "playchess.com"]
[Source "ChessBase"]
[SourceQuality "1"]
[TimeControl "5400+30"]

1. c4 c5 2. Nc3 g6 3. g3 Bg7 4. Bg2 Nc6 5. Nf3 d6 6. O-O e5 7. d3 Nge7 8. e4 a6 9. a3 Rb8 10. Nd5 Nxd5 11. cxd5 Ne7 12. b4 b6 13. Rb1 Qc7 14. bxc5 bxc5 15. Bd2 Rxb1 16. Qxb1 O-O 17. Qb3 Bd7 18. Rb1 Rc8 19. Bg5 f6 20. Be3 Bf8 21. Nd2 Kg7 22. a4 1/2-1/2

[Event "Kragero Resort Title 2024"]
[Site "Kragero"]
[Date "2024.02.24"]
[Round "7.33"]
[White "Moen, Ole Christian"]
[Black "Persson, Sebastian"]
[Result "1-0"]
[ECO "B09"]
[WhiteElo "2208"]
[BlackElo "2024"]
[Annotator "RC"]
[PlyCount "93"]
[EventDate "2024.02.21"]
[EventType "swiss"]
[EventCountry "NOR"]
[SourceTitle "playchess.com"]
[Source "ChessBase"]
[SourceQuality "1"]
[TimeControl "5400+30"]

1. e4 d6 2. d4 Nf6 3. Nc3 g6 4. f4 c6 5. Nf3 Bg4 6. h3 Bxf3 7. Qxf3 Bg7 8. Bc4 O-O 9. e5 Ne8 10. Be3 d5 11. Bd3 f5 12. g4 e6 13. h4 c5 14. gxf5 gxf5 15. dxc5 Nc7 16. O-O-O Nc6 17. h5 Bh6 18. Ne2 b6 19. Kb1 Qe7 20. Qf2 Rfb8 21. Qh4 Qxh4 22. Rxh4 Nxe5 23. cxb6 axb6 24. Bd4 Nf3 25. Bf2 Nxh4 26. Bxh4 Kf7 27. Rf1 Rg8 28. Bf2 Ne8 29. Bxb6 Nf6 30. c4 dxc4 31. Bxc4 Ne4 32. Rd1 Ke7 33. Nd4 Rg2 34. Bxe6 Bg7 35. Bxf5 Nd2+ 36. Kc1 Nc4 37. Be4 Rxa2 38. Bxg2 Ra1+ 39. Kc2 Ne3+ 40. Kd2 Nxd1 41. Nf5+ Kf6 42. Nxg7 Kxg7 43. Bd4+ Kh6 44. Bf3 Ra4 45. Kd3 Ra1 46. f5 Rc1 47. f6 1-0

[Event "Kragero Resort Title 2024"]
[Site "Kragero"]
[Date "2024.02.24"]
[Round "7.34"]
[White "Olde, Margareth"]
[Black "Tashkinova, Sofiia"]
[Result "1/2-1/2"]
[ECO "E08"]
[WhiteElo "2179"]
[BlackElo "2016"]
[Annotator "RC"]
[PlyCount "104"]
[EventDate "2024.02.21"]
[EventType "swiss"]
[EventCountry "NOR"]
[SourceTitle "playchess.com"]
[Source "ChessBase"]
[SourceQuality "1"]
[TimeControl "5400+30"]

1. d4 Nf6 2. c4 e6 3. Nf3 d5 4. g3 Bb4+ 5. Bd2 Be7 6. Bg2 O-O 7. O-O Nbd7 8. Qc2 c6 9. Rd1 b6 10. Bf4 Ba6 11. b3 h6 12. h3 Rc8 13. Nc3 Nh5 14. Bc1 Nhf6 15. e4 dxc4 16. Nd2 b5 17. bxc4 bxc4 18. Na4 Nb6 19. Nxb6 axb6 20. Nxc4 b5 21. Ne5 Qc7 22. Nd3 Rfd8 23. Bf4 Qb6 24. Nc5 Nd7 25. Be3 b4 26. Rab1 Nxc5 27. dxc5 Qa5 28. e5 Bb5 29. Rxd8+ Rxd8 30. Be4 Qa3 31. Kg2 Ra8 32. Rb2 Rd8 33. Qb3 Qa6 34. Qxb4 Rd1 35. Kh2 Bc4 36. Bf3 Bd5 37. Bxd1 Qf1 38. f3 Qxd1 39. Qd2 Qxf3 40. Rb8+ Kh7 41. Rb1 Qe4 42. Rf1 f5 43. exf6 Bxf6 44. Rg1 h5 45. Bf2 Be5 46. Qe3 Qf5 47. a4 h4 48. Re1 Qc2 49. Qe2 Qf5 50. Qe3 Qc2 51. Qe2 Qf5 52. a5 hxg3+ 1/2-1/2

[Event "Kragero Resort Title 2024"]
[Site "Kragero"]
[Date "2024.02.24"]
[Round "7.35"]
[White "Fiskaaen, Martin Holten"]
[Black "Valvag, Torbjorn"]
[Result "1-0"]
[ECO "A72"]
[WhiteElo "2154"]
[BlackElo "1951"]
[Annotator "RC"]
[PlyCount "75"]
[EventDate "2024.02.21"]
[EventType "swiss"]
[EventCountry "NOR"]
[SourceTitle "playchess.com"]
[Source "ChessBase"]
[SourceQuality "1"]
[TimeControl "5400+30"]

1. d4 Nf6 2. c4 c5 3. d5 e6 4. Nc3 exd5 5. cxd5 d6 6. e4 g6 7. Bf4 a6 8. a4 Bg7 9. Nf3 O-O 10. Be2 Bg4 11. Nd2 Bxe2 12. Qxe2 Nh5 13. Be3 Nd7 14. g4 Nhf6 15. f3 Ne5 16. h3 Qb6 17. b3 Qa5 18. Rc1 Rab8 19. O-O b5 20. Bf4 Nfd7 21. axb5 axb5 22. Nd1 Qc7 23. Bh2 Nb6 24. Ne3 Nc8 25. Kh1 Re8 26. f4 Nd7 27. Qf3 Rb7 28. h4 Ra7 29. h5 Ra2 30. Rcd1 Qa5 31. Rf2 Qb4 32. hxg6 hxg6 33. f5 g5 34. f6 Nxf6 35. Nf5 Nxe4 36. Nxe4 Qxe4 37. Qxe4 Rxe4 38. Rxa2 1-0